 Dungeon Crawl Stone Soup version 0.31-a0-1611-g890cdf5 (webtiles) character file.

Game seed: 16078783991655785406

3454 PidgeyThePirate the Chopper (level 9, -6/103 HPs)
             Began as a Demonspawn Chaos Knight on Jan 8, 2024.
             Was a Plaything of Xom.
             Mangled by a troll (11 damage)
             ... on level 8 of the Dungeon.
             The game lasted 00:18:34 (7484 turns).

PidgeyThePirate the Chopper (DsCK)                  Turns: 7484, Time: 00:18:34

Health: -6/103     AC: 24    Str: 14 (16) XL:     9   Next: 78%
Magic:  0/9        EV:  2    Int: 10 (12) God:    Xom [*.....]
Gold:   333        SH: 10    Dex: 14 (16) Spells: 8/8 levels left

rFire   . . .        a - +0 hand axe (chaos)
rCold   . . .        C - +0 buckler
rNeg    . . .        b - melded +2 leather armour
rPois   +            w - melded +1 helmet
rElec   .            E - melded +0 cloak
rCorr   .            (gloves currently unavailable)
SInv    .            j - melded +0 pair of boots
Will    .....        l - amulet of reflection
Stlth   ++++         n - ring of flight
HPRegen 0.37/turn    F - +4 ring of slaying
MPRegen 0.22/turn

%: reflection, guardian spirit
@: tree-form, hasted, studying Evocations, very quick
A: stationary, stasis, torment immunity, boosted hp, thin skeletal structure 1,
magic shield, magic regeneration, demonic magic 1, (demonic touch 2), (shaggy
fur 1)
a: Renounce Religion


You were on level 8 of the Dungeon.
You worshipped Xom.
You were a special plaything of Xom.
You were a tree.
You visited 1 branch of the dungeon, and saw 8 of its levels.
You also visited: Sewer.

You collected 333 gold pieces.

Inventory:

Hand Weapons
 a - a +0 hand axe of chaos (weapon)
Missiles
 I - a throwing net (quivered)
Armour
 b - a +2 leather armour (melded)
 j - a +0 pair of boots (melded)
 w - a +1 helmet (melded)
 C - a +0 buckler (worn)
 E - a +0 cloak (melded)
Jewellery
 g - an amulet of guardian spirit
 l - an amulet of reflection (around neck)
 n - a ring of flight (left branch)
 o - a ring of poison resistance
 s - a +6 ring of dexterity
 z - a ring of protection from cold
 F - a +4 ring of slaying (right branch)
Wands
 v - a wand of polymorph (5)
 x - a wand of roots (8)
 y - a wand of light (10)
 J - a wand of digging (6)
Scrolls
 c - 2 scrolls of butterflies
 e - 2 scrolls of poison
 f - 7 scrolls of identify
 k - a scroll of noise
 m - a scroll of vulnerability {unknown}
 r - 2 scrolls of teleportation
 u - a scroll of silence {unknown}
 A - 2 scrolls of enchant weapon {unknown}
 B - 2 scrolls of immolation {unknown}
 D - a scroll of brand weapon {unknown}
Potions
 h - 2 potions of mutation
 p - a potion of lignification
 q - a potion of haste
 H - a potion of brilliance {unknown}
 K - a potion of attraction {unknown}


   Skills:
 + Level 5.9 Fighting
 + Level 7.9 Axes
 + Level 3.7 Armour
 + Level 4.7 Dodging
 + Level 4.8 Stealth
 + Level 2.8 Shields
 * Level 7.0 Evocations


You had 8 spell levels left.
You didn't know any spells.
Your spell library contained the following spells:

 Spells                   Type           Power      Damage    Failure   Level
 Apportation              Tloc           0%         N/A       45%         1
 Freeze                   Ice            0%         1d3       45%         1
 Jinxbite                 Hex            0%         N/A       58%         2
 Frozen Ramparts          Ice            0%         1d1       83%         3
 Hailstorm                Conj/Ice       0%         3d5       83%         3
 Inner Flame              Hex/Fire       0%         N/A       83%         3
 Tukima's Dance           Hex            0%         N/A       83%         3
 Passage of Golubria      Tloc           0%         N/A       99%         4
 Alistair's Intoxication  Alch           0%         N/A       100%        5
 Irradiate                Conj/Alch      0%         3d11      100%        5
 Yara's Violent Unravell  Hex/Alch       0%         3d3       100%        5
 Ignition                 Fire           0%         3d3       100%        8


Dungeon Overview and Level Annotations

Branches:
Dungeon (8/15)             Temple (0/1) D:4            Lair (0/5) D:8
  Sewer (visited)

Altars:
Gozag
Nemelex Xobeh
Okawaru
Ru
Sif Muna
Vehumet


Innate Abilities, Weirdness & Mutations

You are a tree.
Your roots penetrate the ground, keeping you stationary.
You cannot be teleported.
You are immune to unholy pain and torment.
Your maximum health is greatly increased.
Your equipment is partially melded.
You have a somewhat thin skeletal structure. (Dex +2, Stealth+)
When hurt, damage is shared between your health and your magic reserves.
You regenerate magic rapidly.
Spells you cast may paralyse adjacent enemies.
((Your touch may inflict irresistible damage on your foes.))
((You are covered in fur. (AC +1)))


Message History

The troll is moderately wounded.
You hit the troll.
The troll is moderately wounded.
You feel less confused.
The electric eel shoots out a bolt of lightning at you!
The bolt of electricity hits you but does no damage.
You block the troll's attack.
The troll claws you but does no damage. x2
You hit the troll. You drain the troll.
The troll is heavily wounded.
The troll bites you but does no damage. You block the troll's attack.
The troll claws you!
* * * LOW HITPOINT WARNING * * *
You slash the troll!
The troll is heavily wounded.
You barely miss the troll.
The troll is heavily wounded.
You block the troll's attack.
The troll claws you but does no damage. x2
The electric eel shoots out a bolt of lightning at you!
The bolt of electricity hits you but does no damage.
The electric eel shoots out a bolt of lightning at you!
The bolt of electricity hits you but does no damage.
The electric eel shoots out a bolt of lightning at you!
The bolt of electricity hits you!
* * * LOW HITPOINT WARNING * * *
The bolt of electricity hits the troll.
The troll resists.
It was a potion of degeneration.
There was something very wrong with that liquid.
You feel weakened.
You feel dopey.
You feel clumsy.
Unknown command.
You closely miss the troll.
The troll is severely wounded.
The electric eel shoots out a bolt of lightning at you!
The bolt of electricity hits you.
* * * LOW HITPOINT WARNING * * *
The electric eel shoots out a bolt of lightning at you!
The bolt of electricity hits you!
* * * LOW HITPOINT WARNING * * *
The troll bites you!
You die...
Xom chuckles heartily!

~~.~.>..~≈≈≈~.. ..
~≈~....~~≈≈≈≈.. ...
~~~.≈.~.≈≈≈≈≈###+#####..
.~≈≈≈≈~~~≈~≈~##.....##..
.~≈≈~≈~≈≈~..~.#.....##..
~~≈~.~≈SS~....#.....##..
....~~.S~≈....#.........
....~.††.~....#.........
....~..♣.....##'######'#
........T...............
........................
........................ ###
.........)..............
#..################+##....###
#.......# #....+.. #.......#
#....#.. +.......# #....#..


You could see a troll (resistant, very poisoned, drained) and 3 electric eels.

Vanquished Creatures
  Prince Ribbit (D:5)
  A steam dragon (D:7)
  A water moccasin (D:5)
  Pargi (Sewer)
  A black bear (D:7)
  An ice beast (D:5)
  An ogre (D:5)
  A wolf (D:8)
  3 centaurs
  2 kobold brigands (Sewer)
  A bullfrog (D:6)
  7 scorpions
  2 howler monkeys
  3 hounds
  A bombardier beetle (D:5)
  Crazy Yiuf (D:5)
  A jelly (D:6)
  2 gnoll boudas
  Jessica (D:3)
  Natasha (thrice) (D:4)
  5 iguanas
  2 orc wizards (D:7)
  Robin (D:2)
  8 gnolls
  10 adders
  A white imp (D:7)
  5 dart slugs
  7 orcs
  8 ball pythons
  7 endoplasms
  A giant cockroach (shapeshifter) (D:5)
  2 giant cockroaches
  13 goblins
  13 hobgoblins
  2 quokkas (D:3)
  7 bats
  2 frilled lizards
  9 kobolds
  10 rats
148 creatures vanquished.

Vanquished Creatures (collateral kills)
  Pikel (D:7)
  Eustachio (D:5)
  A wolf (D:8)
  2 lemures (D:7)
  An electric eel (D:8)
  2 hounds (D:8)
  2 iguanas
  A ribbon worm (D:5)
  A giant cockroach (D:7)
  A goblin (D:1)
  A kobold (D:7)
14 creatures vanquished.

Vanquished Creatures (others)
  A wolf (D:8)
  A killer bee (D:8)
  A ball python (D:1)
  A butterfly (D:7)
4 creatures vanquished.

Grand Total: 166 creatures vanquished

Notes
Turn   | Place    | Note
-------+----------+-------------------------------------------
     0 | D:1      | PidgeyThePirate the Demonspawn Chaos Knight began the quest
                  | for the Orb.
     0 | D:1      | Reached XP level 1. HP: 18/18 MP: 1/1
   176 | D:1      | Gained mutation: You regenerate magic rapidly. [demonic
                  | ancestry]
   176 | D:1      | Reached XP level 2. HP: 24/24 MP: 2/2
   438 | D:1      | XOM: silly message
   705 | D:1      | XOM: god gift: 4 stones
   755 | D:2      | Noticed Robin
   760 | D:2      | Reached XP level 3. HP: 24/29 MP: 3/3
   771 | D:2      | Reached skill level 1 in Dodging
   772 | D:2      | Killed Robin
   917 | D:2      | Reached XP level 4. HP: 14/36 MP: 4/4
   932 | D:2      | XOM: noise
  1218 | D:2      | XOM: cloud trail
  1264 | D:2      | XOM: chaos upgrade
  1675 | D:3      | Noticed Jessica
  1688 | D:3      | Killed Jessica
  1789 | D:3      | Gained mutation: You have a somewhat thin skeletal
                  | structure. (Dex +2, Stealth+) [demonic ancestry]
  1789 | D:3      | Reached XP level 5. HP: 42/42 MP: 5/5
  2236 | D:3      | Identified the +0 mace "Hecwitz" {spect, rN+ Str+3 Dex+3}
  2251 | D:3      | XOM: enchant monster (bad)
  2335 | D:3      | Found a radiant altar of Vehumet.
  2449 | D:3      | XOM: silly message
  2774 | D:4      | XOM: 1-stop teleportation journey
  2861 | D:4      | Found a staircase to the Ecumenical Temple.
  2888 | D:4      | Reached skill level 1 in Stealth
  2956 | D:4      | XOM: 2-stop teleportation journey
  3088 | D:4      | Noticed Natasha
  3095 | D:4      | Killed Natasha
  3096 | D:4      | Gained mutation: Your touch may inflict minor irresistible
                  | damage on your foes. [demonic ancestry]
  3096 | D:4      | Reached XP level 6. HP: 48/48 MP: 6/6
  3297 | D:4      | Noticed Natasha
  3317 | D:4      | Killed Natasha
  3434 | D:4      | Noticed Natasha
  3438 | D:4      | XOM: swap monsters
  3439 | D:4      | Killed Natasha
  3443 | D:5      | Entered Level 5 of the Dungeon
  3467 | D:5      | Noticed an ice beast
  3471 | D:5      | XOM: torment (28/48 hp)
  3474 | D:5      | Found a glowing drain.
  3475 | D:5      | XOM: summons 6 friendly demons
  3486 | D:5      | Killed an ice beast
  3487 | D:5      | Reached skill level 5 in Axes
  3493 | D:5      | XOM: 1-stop teleportation journey
  3508 | D:5      | Gained mutation: Your touch may inflict irresistible damage
                  | on your foes. [demonic ancestry]
  3508 | D:5      | Reached XP level 7. HP: 22/55 MP: 5/7
  3557 | D:5      | XOM: confuse monster(s)
  3571 | Sewer    | Entered a sewer
  3610 | Sewer    | XOM: scenery: 4 doors open
  3610 | Sewer    | Noticed Pargi
  3614 | Sewer    | XOM: confuse monster(s)
  3615 | Sewer    | Killed Pargi
  3616 | Sewer    | Reached skill level 1 in Evocations
  3698 | Sewer    | XOM: 3-stop teleportation journey
  3722 | Sewer    | XOM: stat loss: -1 Int (11/12)
  3821 | D:5      | Noticed Prince Ribbit
  3827 | D:5      | Gained mutation: When hurt, damage is shared between your
                  | health and your magic reserves. [demonic ancestry]
  3827 | D:5      | Reached XP level 8. HP: 49/61 MP: 8/8
  3829 | D:5      | XOM: polymorph Prince Ribbit -> Prince Ribbit
  3844 | D:5      | XOM: cleaving
  3871 | D:5      | Killed Prince Ribbit
  3892 | D:5      | XOM: cloud trail
  4024 | D:5      | Found a runed translucent door.
  4025 | D:5      | Noticed Crazy Yiuf
  4177 | D:5      | XOM: god gift: 18 gold pieces
  4194 | D:5      | XOM: divination: detect items
  4230 | D:5      | Reached skill level 5 in Fighting
  4590 | D:5      | XOM: silly message
  4650 | D:5      | Noticed Eustachio
  4661 | D:5      | XOM: confusion (+ monsters)
  4670 | D:5      | XOM: cast spell 'Summon Mana Viper'
  4676 | D:5      | Killed Eustachio
  4891 | D:5      | XOM: enchant monster (bad)
  4895 | D:5      | Reached skill level 1 in Shields
  4900 | D:5      | an ice beast changed into a glowing shapeshifter
  4900 | D:5      | Noticed a glowing shapeshifter (glowing shapeshifter)
  4900 | D:5      | XOM: polymorph ice beast -> glowing shapeshifter
  4900 | D:5      | a glowing shapeshifter changed into a crocodile
  4922 | D:5      | XOM: torment (34/62 hp)
  5108 | D:5      | XOM: stat loss: -1 Str (13/14)
  5166 | D:5      | XOM: summons 2 hostile shadow creatures
  5238 | D:5      | XOM: give mutations
  5238 | D:5      | Gained mutation: Your movements are slightly less
                  | encumbered by armour. (ER -2) [Xom's mischief]
  5238 | D:5      | Gained mutation: You are robust. (+10% HP) [Xom's mischief]
  5336 | D:5      | Killed Crazy Yiuf
  5646 | D:6      | Reached skill level 5 in Evocations
  5733 | D:6      | Gained mutation: Spells you cast may paralyse adjacent
                  | enemies. [demonic ancestry]
  5733 | D:6      | Reached XP level 9. HP: 74/74 MP: 9/9
  5978 | D:6      | Found an opulent altar of Gozag.
  5979 | D:6      | Found an iron altar of Okawaru.
  6326 | D:6      | XOM: scenery: summon butterflies
  6440 | D:7      | Found a shimmering blue altar of Sif Muna.
  6545 | D:7      | Found a sacrificial altar of Ru.
  6614 | D:7      | Noticed Pikel
  6621 | D:7      | XOM: scenery: summon butterflies
  6656 | D:7      | Killed Pikel
  6978 | D:7      | XOM: cloud trail
  7402 | D:8      | Found a sparkling altar of Nemelex Xobeh.
  7409 | D:8      | XOM: 3-stop teleportation journey
  7448 | D:8      | Found a staircase to the Lair.
  7451 | D:8      | XOM: divination: detect creatures
  7451 | D:8      | XOM: smoke on damage
  7454 | D:8      | XOM: summons 8 friendly demons
  7454 | D:8      | Noticed a troll
  7461 | D:8      | Lost mutation: You are robust. (+10% HP) [potion of
                  | mutation]
  7461 | D:8      | Lost mutation: Your movements are slightly less encumbered
                  | by armour. (ER -2) [potion of mutation]
  7461 | D:8      | Gained mutation: You are covered in fur. (AC +1) [potion of
                  | mutation]
  7469 | D:8      | XOM: confusion (+ monsters)
  7484 | D:8      | HP: 5/103 [electric eel/bolt of electricity (6)]
  7484 | D:8      | Mangled by a troll

Illustrated notes

Levels and vault maps discovered:
D:1:      tarquinn_simple_flora_water_d, layout_loops_ring
D:2:      minmay_diamond_boxcup, layout_basic, amcnicky_mini_pool_small,
          uniq_robin
D:3:      layout_basic, lemuel_round_altar, kennysheep_boxes, uniq_jessica
D:4:      layout_cave_pools, zin_statuary, minmay_temple_entry_wispy,
          nicolae_underground_beach, uniq_natasha
D:5:      minmay_inner_zag, layout_basic, cheibrodos_sewer_entry_sluice,
          minmay_manual_mares, uniq_prince_ribbit1, uniq_eustachio,
          uniq_crazy_yiuf_cottage
D:6:      layout_basic, mainiacjoe_overflow_divided_tiny,
          kennysheep_generic_room_9
D:7:      layout_loops_ring, nicolae_ru_great_annihilating_truth,
          nicolae_elyvilon_peaceful_grove, nicolae_sif_muna_condensation,
          uniq_pikel
D:8:      layout_gridville, nemelex_xobeh_ov_fountains_minmay,
          general_overflow_altar, erik_lair_island, uniq_grum

Skill      XL: |  1  2  3  4  5  6  7  8  9 |
---------------+----------------------------+-----
Axes           | 3 4 5 6 7 |  7.9
Armour         | 2 3 |  3.7
Dodging        | 1 2 3 4 |  4.7
Fighting       | 4 5 |  5.9
Stealth        | 1 2 3 4 |  4.8
Evocations     | 2 5 7 |  7.0
Shields        | 1 2 |  2.8

Action                     |  1- 3 |  4- 6 |  7- 9 || total
---------------------------+-------+-------+-------++-------
  Melee: Hand axe          |    78 |   175 |   329 ||   582
         Touch             |       |     5 |    12 ||    17
         Punch             |       |       |     1 ||     1
    Use: Scroll            |       |       |     3 ||     3
         Potion            |       |       |    10 ||    10
   Stab: Petrifying        |     1 |       |       ||     1
         Sleeping          |       |     3 |    12 ||    15
         Confused          |       |     1 |     2 ||     3
         Paralysed         |       |     1 |       ||     1
         Distracted        |       |       |     2 ||     2
         Invisible         |       |       |     2 ||     2
 Armour: Leather armour    |    61 |   124 |   161 ||   346
         Skin              |       |       |    33 ||    33
  Dodge: Dodged            |    45 |   133 |   157 ||   335
  Block: Buckler           |       |       |   110 ||   110
         Other             |       |       |     6 ||     6

Table legend: (Time is in decaauts)
 A = Elapsed time spent in this place.
 B = Non-inter-level travel time spent in this place.
 C = Inter-level travel time spent in this place.
 D = Time resting spent in this place.
 E = Time spent auto-exploring this place.
 F = Levels seen in this place.
 G = Mean time per level.
                   A        B        C        D        E       F      G
               +--------+--------+--------+--------+--------+-----+--------+
         Total |   7500 |   7193 |    307 |      0 |   5517 |   9 |  833.3 |
       Dungeon |   7310 |   7003 |    307 |      0 |   5459 |   8 |  913.8 |
         Sewer |    190 |    190 |      0 |      0 |     58 |   1 |  190.0 |
               +--------+--------+--------+--------+--------+-----+--------+

Top non-repeatable levels by time:
     D:5: 1903 daAuts
     D:3: 1185 daAuts
     D:7: 908 daAuts
     D:6: 903 daAuts
     D:2: 800 daAuts
     D:1: 759 daAuts
     D:4: 722 daAuts
   Sewer: 190 daAuts
     D:8: 126 daAuts
